 Dungeon Crawl Stone Soup version 0.23-a0-241-g3b46b07 (webtiles) character file.

80 galech the Skirmisher (level 4, -1/35 HPs)
             Began as a Demonspawn Fighter on Sept 27, 2018.
             Killed by nerve-wracking pain
             ... invoked by Grinder
              (2 damage)
             ... on level 3 of the Dungeon.
             The game lasted 00:01:28 (1798 turns).

galech the Skirmisher (Demonspawn Fighter)          Turns: 1798, Time: 00:01:29

Health: -1/35      AC: 12    Str: 17    XL:     4   Next: 18%
Magic:  4/4        EV:  7    Int: 12    God:
Gold:   82         SH:  9    Dex: 13    Spells: 3/3 levels left

rFire    . . .     SeeInvis .   a - +0 war axe
rCold    . . .     Gourm    .   c - +0 shield
rNeg     . . .     Faith    .   b - +0 scale mail
rPois    .         Spirit   .   e - +1 helmet {Int+3}
rElec    .         Reflect  .   j - +0 cloak
rCorr    .         Harm     .   (no gloves)
MR       .....                  (no boots)
Stlth    ..........             (no amulet)
HPRegen  0.11/turn              (no ring)
MPRegen  0.09/turn              (no ring)

@: no status effects
A: talons 2, molten scales 1
a: no special abilities


You were on level 3 of the Dungeon.
You were not hungry.

You visited 1 branch of the dungeon, and saw 3 of its levels.

You collected 82 gold pieces.

Inventory:

Hand Weapons
 a - a +0 war axe (weapon)
Armour
 b - a +0 scale mail (worn)
 c - a +0 shield (worn)
 e - a +1 helmet of intelligence (worn)
 j - a +0 cloak (worn)
 m - a +0 pair of boots
Wands
 p - a wand of digging (9)
Scrolls
 h - 7 scrolls of identify {unknown}
 i - a scroll of magic mapping {unknown}
 o - a scroll of blinking {unknown}
Potions
 d - 2 potions of might
 k - 2 potions of flight {unknown}
 l - a potion of invisibility {unknown}
 n - a potion of heal wounds {unknown}
Comestibles
 f - 2 rations
 g - 4 chunks of flesh


   Skills:
 + Level 3.2 Fighting
 + Level 2.9 Axes
 + Level 3.1 Armour
 + Level 0.5 Dodging
 + Level 0.4 Stealth
 + Level 3.1 Shields


You had 3 spell levels left.
You didn't know any spells.
Your spell library was empty.

Dungeon Overview and Level Annotations

Branches:
Dungeon (3/15)

Altars:

Annotations:
D:3 Grinder


Innate Abilities, Weirdness & Mutations

You have razor-sharp toenails.
You are partially covered in molten scales. (AC +2)


Message History

You suddenly lose the ability to move!
Grinder hits you.
You writhe in agony.
Grinder blinks!
Grinder hits you but does no damage. x2
Grinder gestures at you. Pain shoots through your body! Grinder hits you.
You writhe in agony.
* * * LOW HITPOINT WARNING * * *
You can move again.
You are too injured to fight recklessly!
You closely miss Grinder.
Grinder is heavily wounded.
Grinder hits you but does no damage. Grinder hits you.
* * * LOW HITPOINT WARNING * * *
You writhe in agony.
* * * LOW HITPOINT WARNING * * *
You closely miss Grinder. You claw Grinder.
Grinder is heavily wounded.
Grinder gestures at you. Pain shoots through your body!
You die...

## ###.#
#.5.#
###@###.#
#<......#
####.##.#
.# .# .#
.. ##


You could see Grinder.

Vanquished Creatures
  Terence (D:2)
  3 adders (D:2)
  A dart slug (D:1)
  2 giant cockroaches (D:1)
  2 goblins
  3 hobgoblins
  4 jackals (D:2)
  2 bats (D:1)
  2 frilled lizards (D:2)
  4 kobolds
  4 rats (D:1)
28 creatures vanquished.

Notes
Turn   | Place    | Note
-------+----------+-------------------------------------------
     0 | D:1      | galech the Demonspawn Fighter began the quest for the Orb.
     0 | D:1      | Reached XP level 1. HP: 18/18 MP: 1/1
   302 | D:1      | Gained mutation: You are partially covered in molten
                  | scales. (AC +2) [demonic ancestry]
   302 | D:1      | Reached XP level 2. HP: 24/24 MP: 2/2
  1069 | D:2      | Found a faded altar of an unknown god.
  1331 | D:2      | Gained mutation: You have sharp toenails. [demonic
                  | ancestry]
  1331 | D:2      | Reached XP level 3. HP: 29/29 MP: 3/3
  1710 | D:2      | Noticed Terence
  1723 | D:2      | Killed Terence
  1723 | D:2      | Gained mutation: You have razor-sharp toenails. [demonic
                  | ancestry]
  1723 | D:2      | Reached XP level 4. HP: 35/35 MP: 4/4
  1785 | D:3      | Noticed Grinder
  1789 | D:3      | Paralysed by Grinder for 2 turns
  1793 | D:3      | Paralysed by Grinder for 4 turns
  1797 | D:3      | HP: 1/35 [Grinder (6)]
  1798 | D:3      | Killed from afar by Grinder

Vault maps used:
D:1:      dpeg_arrival_tiny_i, kennysheep_doodads, nrook_mini_backslash
D:2:      chequers_ecumenical_altar_simple, hangedman_decor_push, st_stairs_1,
          uniq_terence
D:3:      nicolae_overflow_hidden_temple, nicolae_ru_path_of_blood,
          ebering_ghost_reflecting_pool, patterned_corridor, uniq_sigmund,
          uniq_grinder

Skill      XL: |  1  2  3 |
---------------+----------+-----
Axes           | 2 |  2.9
Armour         | 3 |  3.1
Shields        | 3 |  3.1
Fighting       | |  3.2
Dodging        | |  0.5
Stealth        | |  0.4

Action                   |  1- 3 |  4- 6 || total
-------------------------+-------+-------++-------
Melee: War axe           |   102 |     7 ||   109
       Kick              |     9 |     2 ||    11
  Eat: Chunk             |     3 |       ||     3
Armor: Scale mail        |    54 |     5 ||    59
Dodge: Dodged            |    31 |     2 ||    33
Block: Shield            |    57 |       ||    57

Table legend:
 A = Non-vault XP
 B = Vault XP
 C = Vault XP percentage of total XP
 D = Non-vault monster count
 E = Vault monster count
 F = Vault count percentage of total count
                 A         B        C        D         E       F
            +---------+---------+-------+---------+---------+-------
      Total |      53 |      62 |  53.9 |      25 |       3 |  10.7
            +---------+---------+-------+---------+---------+-------
        D:1 |      22 |       0 |   0.0 |      14 |       0 |   0.0
        D:2 |      31 |      62 |  66.7 |      11 |       3 |  21.4
            +---------+---------+-------+---------+---------+-------
